Selects Luftwaffe Battlegroup
Selects Luftwaffe Pioneer Support
Fallschirmpioneer Squad Paradrop
Construct Infanterie Kompanie
Fallschirmpioneer Squad Paradrop
Construct Luftwaffe Kompanie
Selects Flak 38 Anti-Air Emplacement
Fallschirmpioneer Squad Paradrop
Selects Flak 36 Anti-tank Gun Emplacement
Marder III M Tank Destroyer
Luftwaffe Officer Quarters
Selects Stuka Strafing Run
Selects Fallschirmjäger Squad Paradrop
Marder III M Tank Destroyer
Fallschirmpioneer Squad Paradrop